Map: Dragon Scales LE

Players

NetMecH - Winner!

  • Race: Terran Terran
  • League: Master
  • Spawn Location: 11:00

HDAC

  • Race: Zerg Zerg
  • League: Master
  • Spawn Location: 5:00

VOD

Have the link to the VOD?

Description

Time

  • Played on: April 26, 2023, 2:59 p.m.
  • Length: 16:39
Show
View Real Time Build Order
Export as new Build Order

NetMecH Terran - Winner!

Build Orders: 2 Factory, Mech 

Get SALT Encoding   

  12  0:00  SCV  
  13  0:12  SCV  
  14  0:17  Supply Depot  
  14  0:24  SCV  
  15  0:38  SCV  
  15  0:40  Barracks  
  16  0:50  SCV, Refinery  
  17  1:03  SCV  
  18  1:15  SCV  
  19  1:27  Orbital Command  
  19  1:35  Command Center  
  19  1:39  Marine  
  20  1:51  Supply Depot  
  20  1:53  SCV  
  21  1:59  Factory  
  21  2:05  SCV  
  22  2:13  Marine  
  23  2:17  SCV  
  23  2:19  Refinery  
  24  2:29  SCV  
  25  2:40  Factory  
  25  2:41  SCV  
  25  2:42  Factory Tech Lab  
  26  2:47  Orbital Command  
  26  2:53  SCV  
  26  2:54  Marine  
  28  3:05  SCV  
  29  3:11  Cyclone  
  32  3:13  SCV  
  32  3:15  Marine  
  32  3:17  SCV  
  35  3:20  Supply Depot  
  35  3:24  Factory  
  35  3:25  SCV, Hellion  
  38  3:29  SCV  
  39  3:37  SCV  
  39  3:40  Supply Depot  
  40  3:41  SCV  
  40  3:44  Siege Tank  
  44  3:49  SCV  
  44  3:54  SCV  
  46  3:58  Hellion  
  46  4:01  Command Center  
  48  4:03  SCV  
  48  4:06  Refinery  
  48  4:09  Factory Tech Lab  
  50  4:10  SCV  
  50  4:14  Armory  
  50  4:15  SCV  
  51  4:22  SCV  
  52  4:25  Refinery  
  52  4:27  SCV, Hellion  
  52  4:30  Supply Depot  
  55  4:33  Supply Depot  
  55  4:34  SCV  
  56  4:39  SCV  
  56  4:40  Siege Tank  
  60  4:46  SCV  
  60  4:52  Supply Depot, Hellion  
  63  4:55  SCV  
  63  4:58  SCV  
  65  5:06  Terran Vehicle Weapons Level 1, Hellion  
  67  5:10  SCV  
  67  5:11  Engineering Bay  
  67  5:12  Siege Tank  
  71  5:15  Infernal Pre-Igniter  
  71  5:16  Orbital Command  
  71  5:19  SCV  
  72  5:27  Supply Depot, SCV  
  73  5:28  Supply Depot  
  73  5:30  Factory Tech Lab  
  73  5:32  SCV  
  74  5:38  Factory  
  74  5:39  SCV, Siege Tank  
  78  5:44  SCV  
  78  5:45  Missile Turret  
  78  5:47  SCV  
  78  5:49  Siege Tank  
  83  5:51  SCV  
  83  5:56  Siege Tank  
  87  5:59  SCV  
  88  6:06  Starport  
  88  6:07  SCV  
  88  6:09  Missile Turret  
  89  6:11  Hellion  
  89  6:16  Supply Depot  
  91  6:22  Hellion  
  91  6:24  Hellion  
  95  6:28  SCV, Hellion  
  95  6:31  Missile Turret  
  98  6:33  Hellion  
  98  6:34  Missile Turret  
  98  6:43  Siege Tank  
  98  6:45  Hellion  
  101  6:49  Siege Tank  
  100  6:54  Hellion  
  100  6:57  Medivac  
  104  7:06  Hellion  
  100  7:10  Orbital Command  
  100  7:14  SCV, Factory  
  100  7:15  Factory, Siege Tank  
  104  7:16  Hellion  
  104  7:21  Hellion  
  107  7:28  Hellion  
  109  7:34  Factory  
  109  7:35  Command Center  
  111  7:37  Hellion  
  111  7:38  Medivac  
  111  7:40  Supply Depot  
  111  7:43  Hellion  
  115  7:44  Refinery  
  115  7:47  Terran Vehicle And Ship Armor Level 1, Hellion  
  115  7:48  Refinery  
  115  7:49  Hellion  
  119  7:56  SCV  
  119  7:58  Hellion  
  119  7:59  Hellion  
  119  8:02  Hellion  
  119  8:04  Hellion  
  110  8:07  SCV  
  110  8:09  Hellion  
  110  8:10  Hellion  
  110  8:11  SCV  
  106  8:17  SCV  
  109  8:20  Hellion  
  109  8:23  SCV  
  109  8:24  Command Center  
  109  8:26  Hellion  
  116  8:28  Factory Tech Lab  
  116  8:29  Armory, Factory Tech Lab, Factory Reactor  
  116  8:30  Siege Tank  
  115  8:38  SCV  
  115  8:41  Siege Tank  
  119  8:43  Missile Turret  
  119  8:47  Thor, Siege Tank  
  128  8:49  SCV  
  128  8:51  SCV  
  130  8:57  Supply Depot, Factory Tech Lab  
  130  8:58  Hellion  
  130  9:00  Missile Turret  
  132  9:04  Supply Depot  
  132  9:05  SCV  
  132  9:06  SCV  
  132  9:07  SCV, Supply Depot  
  135  9:16  Hellion  
  137  9:17  SCV  
  137  9:18  SCV, Terran Vehicle Weapons Level 2  
  137  9:19  SCV  
  137  9:22  Supply Depot  
  140  9:29  SCV  
  141  9:32  Thor, Sensor Tower  
  147  9:41  Thor  
  153  9:49  Terran Vehicle And Ship Armor Level 2  
  153  10:00  Thor  
  153  10:01  Hellion  
  153  10:05  Hellion  
  153  10:06  Missile Turret  
  163  10:09  Supply Depot  
  163  10:11  Siege Tank, Hellion x2  
  163  10:12  Smart Servos  
  170  10:18  Hellion  
  172  10:23  Hellion  
  172  10:24  Hellion  
  172  10:26  Hellion  
  175  10:32  Thor  
  179  10:35  Refinery  
  179  10:38  Hellion  
  181  10:45  Hellion  
  181  10:46  Planetary Fortress  
  181  10:48  SCV x2  
  181  10:49  SCV  
  186  10:51  Refinery  
  186  10:55  Missile Turret  
  186  11:00  SCV, Thor, Missile Turret  
  186  11:01  SCV  
  186  11:02  SCV  
  195  11:10  Neosteel Armor  
  195  11:13  SCV  
  195  11:15  Siege Tank  
  197  11:35  Siege Tank  
  197  11:37  Siege Tank  
  197  11:48  Hellion  
  197  11:51  Siege Tank, Hellion  
  180  11:54  Siege Tank x2, Hellion  
  152  12:08  Siege Tank  
  142  12:09  Thor  
  142  12:10  Hellion  
  142  12:13  Hellion  
  142  12:15  Siege Tank  
  123  12:23  Hellion  
  123  12:27  Hellion x2  
  129  12:31  Hellion  
  129  12:34  Hellion  
  133  12:40  Siege Tank  
  133  12:42  Terran Vehicle Weapons Level 3  
  136  12:44  Siege Tank  
  136  12:46  Terran Vehicle And Ship Armor Level 3  
  136  12:48  Siege Tank, Hellion x2  
  146  12:52  Thor, Hellion  
  146  12:55  Hellion  
  156  13:03  Command Center  
  156  13:09  Hellion x2  
  156  13:12  Hellion  
  162  13:14  Hellion  
  162  13:16  Thor  
  162  13:19  Hellion  
  172  13:20  Siege Tank  
  175  13:30  Siege Tank  
  175  13:31  Siege Tank  
  175  13:33  Siege Tank  
  184  13:35  Siege Tank, Hellion  
  184  13:41  Hellion  
  191  13:48  Factory  
  191  13:52  Hellion  
  193  13:56  Hellion  
  193  13:59  Siege Tank  
  193  14:02  Hellion  
  198  14:03  Hellion  
  198  14:08  Siege Tank, Hellion  
  199  14:16  Hellion  
  198  14:17  Hellion  
  198  14:19  Viking, Hellion  
  198  14:23  Hellion  
  195  14:24  Hellion  
  195  14:29  Siege Tank  
  179  14:31  Hellion  
  179  14:37  Siege Tank  
  180  14:39  Hellion  
  180  14:40  Hellion x2  
  180  14:45  Siege Tank, Hellion  
  180  14:49  Viking  
  187  14:53  Hi-Sec Auto Tracking, Hellion  
  187  14:54  Orbital Command  
  187  15:00  Hellion  
  187  15:01  Siege Tank  
  187  15:02  Hellion x2  
  187  15:06  Hellion  
  175  15:09  Siege Tank  
  175  15:14  Thor  
  184  15:17  Thor  
  184  15:19  Viking  
  192  15:21  Hellion  
  192  15:23  Hellion x2  
  192  15:28  Hellion  
  198  15:41  Hellion  
  200  16:03  Hellion  
  194  16:16  Factory Tech Lab  
Show
View Real Time Build Order
Export as new Build Order

HDAC Zerg 

Build Orders: Hatch First 

Get SALT Encoding   

  12  0:00  Drone  
  13  0:12  Overlord  
  13  0:16  Drone  
  14  0:30  Drone x2  
  16  0:47  Hatchery  
  15  0:50  Drone  
  15  0:53  Drone  
  17  0:57  Drone  
  18  1:08  Extractor  
  17  1:12  Spawning Pool  
  17  1:15  Drone  
  17  1:18  Drone  
  18  1:27  Drone  
  19  1:38  Drone  
  20  1:49  Overlord  
  20  1:59  Queen x2  
  24  2:04  Drone  
  24  2:05  Drone  
  26  2:17  Drone x2  
  28  2:27  Hatchery  
  27  2:32  Drone x2  
  27  2:35  Pneumatized Carapace  
  29  2:39  Queen  
  31  2:45  Overlord  
  31  2:50  Drone  
  31  2:51  Drone  
  33  3:01  Drone x2  
  33  3:02  Drone  
  36  3:07  Metabolic Boost  
  36  3:10  Drone  
  36  3:11  Drone  
  38  3:13  Overlord  
  38  3:14  Drone x2  
  40  3:26  Queen  
  42  3:39  Drone  
  43  3:41  Roach Warren  
  43  3:42  Drone x7  
  43  3:43  Extractor  
  43  3:47  Queen  
  50  4:01  Drone x2  
  50  4:02  Zergling x6  
  55  4:04  Queen  
  55  4:08  Lair  
  57  4:10  Drone  
  57  4:12  Overlord  
  57  4:16  Overlord  
  58  4:26  Overlord x2  
  58  4:30  Queen  
  60  4:33  Overlord  
  60  4:34  Drone  
  60  4:35  Drone x4  
  65  4:40  Overlord  
  65  4:44  Drone x4, Extractor  
  68  4:49  Roach  
  68  4:50  Roach  
  72  5:02  Queen  
  72  5:04  Drone  
  72  5:05  Drone x2  
  72  5:06  Glial Reconstitution  
  77  5:11  Evolution Chamber x2, Extractor  
  77  5:12  Extractor x2  
  72  5:15  Spire  
  71  5:26  Hatchery  
  70  5:28  Drone x3  
  70  5:29  Drone  
  70  5:30  Drone x3  
  70  5:31  Drone x2  
  70  5:33  Drone  
  70  5:34  Drone  
  81  5:36  Drone  
  81  5:42  Zerg Melee Weapons Level 1, Zerg Missile Weapons Level 1  
  82  5:51  Drone x2  
  82  5:52  Drone  
  85  5:58  Roach x6  
  85  5:59  Overlord  
  85  6:02  Ravager  
  97  6:06  Overlord x2  
  97  6:14  Overlord  
  97  6:26  Roach x10  
  97  6:28  Ravager  
  118  6:36  Ravager x2  
  106  6:53  Roach x6, Zergling x8  
  122  6:56  Ravager  
  122  6:57  Overlord  
  119  7:07  Zergling x4  
  119  7:08  Zergling x20  
  116  7:10  Queen  
  116  7:15  Mutalisk x2  
  118  7:16  Mutalisk  
  122  7:25  Zerg Flyer Weapons Level 1  
  122  7:30  Zergling x10  
  122  7:36  Roach x6  
  139  7:39  Overseer  
  139  7:49  Mutalisk  
  109  8:12  Roach  
  109  8:13  Zergling x28  
  123  8:21  Drone  
  123  8:24  Overlord  
  123  8:26  Zerg Missile Weapons Level 2, Zerg Melee Weapons Level 2  
  124  8:32  Infestation Pit  
  123  8:35  Drone x8  
  123  8:36  Baneling Nest  
  130  8:50  Roach x7  
  144  9:04  Extractor  
  144  9:06  Extractor  
  142  9:11  Drone  
  142  9:13  Hatchery  
  142  9:16  Drone x3  
  145  9:18  Drone x2  
  145  9:19  Overlord, Drone x4  
  145  9:20  Overlord  
  145  9:21  Overlord x3  
  145  9:22  Zerg Flyer Weapons Level 2  
  145  9:23  Hive  
  151  9:25  Centrifugal Hooks  
  151  9:27  Ravager  
  152  9:44  Drone x9  
  161  9:50  Overlord  
  161  9:55  Zergling x6  
  161  9:56  Zergling x18  
  161  9:59  Overlord  
  173  10:06  Hatchery x2  
  171  10:28  Roach x11  
  193  10:29  Hatchery  
  193  10:30  Hatchery  
  193  10:35  Viper x3  
  173  10:40  Baneling x5  
  182  10:47  Zerg Melee Weapons Level 3, Adrenal Glands, Zerg Missile Weapons Level 3  
  182  10:51  Spore Crawler  
  182  10:52  Spine Crawler  
  182  10:54  Extractor, Spore Crawler  
  182  10:55  Drone x4, Extractor  
  182  10:56  Spine Crawler  
  180  11:05  Ravager  
  180  11:06  Ravager x8  
  189  11:12  Zergling x2  
  189  11:13  Zergling x18  
  189  11:17  Hatchery  
  198  11:27  Baneling  
  198  11:28  Baneling x12  
  198  11:30  Baneling x8  
  197  11:37  Baneling x6  
  197  11:39  Baneling  
  110  12:21  Roach x15  
  110  12:22  Roach x13, Zergling x14  
  155  12:27  Viper  
  158  12:42  Greater Spire  
  158  12:43  Ravager x3  
  158  12:44  Ravager x2  
  163  12:48  Burrow  
  163  12:54  Baneling  
  163  12:55  Baneling x7  
  163  13:07  Viper  
  163  13:11  Ravager x3  
  163  13:12  Zergling x8  
  173  13:13  Zergling x32  
  173  13:17  Drone x3  
  192  13:29  Extractor  
  192  13:32  Extractor  
  192  13:33  Ravager x6  
  196  13:41  Baneling x6  
  196  13:44  Drone x3  
  199  13:50  Baneling x12  
  186  14:24  Zergling x32  
  158  14:25  Zergling x14  
  158  14:29  Zergling x2  
  158  14:30  Zergling x12  
  170  14:43  Corruptor x2  
  170  14:44  Corruptor x2  
  162  14:47  Baneling x14  
  130  15:03  Zergling x18  
  124  15:09  Roach x3  
  128  15:19  Roach  
  128  15:20  Roach x4  
  130  15:22  Brood Lord x4  
  130  15:24  Baneling  
  130  15:25  Baneling x6  
  135  15:31  Drone x2  
  135  15:35  Roach x2  
  137  15:36  Roach x2  
  137  15:37  Corruptor  
  137  15:40  Queen x2  
  147  15:46  Ravager  
  147  15:47  Ravager x6  
  147  15:48  Zergling x4  
  156  16:04  Roach x7  
  120  16:20  Roach x5  
  98  16:29  Ravager x6  
  98  16:30  Ravager  
Tags
 
Add a new tag
Caveats
  • Supply blocks, unpowered buildings, or Contaminate may cause inaccurate times.
  • Supply counts are checked every 10 seconds.